 Dungeon Crawl Stone Soup version 0.30-a0-918-g0ff054e9dc (webtiles) character file.

Game seed: 3568628055972481200

1290 Sobieck the Martial Artist (level 8, -14/30 (40) HPs)
             Began as a Vine Stalker Necromancer on Mar 20, 2023.
             Was a Follower of Wu Jian.
             Demolished by a wight
             ... wielding a +4 battleaxe
              (18 damage)
             ... on level 5 of the Dungeon.
             The game lasted 00:10:20 (5073 turns).

Sobieck the Martial Artist (VSNe)                   Turns: 5073, Time: 00:10:22

HP:   -14/30 (40)   AC:  5    Str: 12    XL:     8   Next: 55%
MP:   0/12          EV: 12    Int: 15    God:    Wu Jian [*.....]
Gold: 253           SH:  0    Dex: 16    Spells: 10/11 levels left

rFire   . . .      SeeInvis +      - Unarmed
rCold   + . .      Faith    .    (no shield)
rNeg    . . .      Spirit   +    A - +1 robe {rC+}
rPois   .          Reflect  .    e - +0 hat
rElec   .          Rampage  .    r - +1 cloak
rCorr   .                        (no gloves)
Will    +....                    (no boots)
Stlth   ++                       (no amulet)
HPRegen 1.05/turn                L - ring of see invisible
MPRegen 0.13/turn                Y - ring of flight

@: flying, very heavily drained
A: fangs 3, regeneration 1, magic shield, antimagic bite, no potion heal 2
a: Renounce Religion


You were on level 5 of the Dungeon.
You worshipped Wu Jian.
Wu Jian was aware of your devotion.
You visited 1 branch of the dungeon, and saw 6 of its levels.

You collected 253 gold pieces.


Innate Abilities, Weirdness & Mutations

You have razor-sharp teeth.
Your natural rate of healing is unusually fast.
When hurt, damage is shared between your health and your magic reserves.
Your bite disrupts and absorbs the magic of your enemies.
Potions cannot restore your health.


   Skills:
 - Level 3.0 Fighting
 - Level 1.5 Dodging
 - Level 3.0 Stealth
 * Level 8.8 Unarmed Combat
 - Level 2.1 Spellcasting
 - Level 5.0 Necromancy


You had 10 spell levels left.
You knew the following spells:

 Your Spells              Type           Power      Damage    Failure   Level
a - Necrotise             Necr           64%        1d7       2%          1

Your spell library contained the following spells:

 Spells                   Type           Power      Damage    Failure   Level
 Vampiric Draining        Necr           16%        2d7       9%          3
 Cigotuvi's Dreadful Rot  Necr/Pois/Air  12%        N/A       17%         2
 Foxfire                  Conj/Fire      4%         2x1d4     22%         1
 Animate Dead             Necr           16%        N/A       28%         4
 Poisonous Vapours        Pois/Air       2%         N/A       32%         2
 Mephitic Cloud           Conj/Pois/Air  1%         N/A       54%         3
 Ozocubu's Armour         Ice            1%         N/A       54%         3
 Tukima's Dance           Hex            1%         N/A       54%         3
 Agony                    Necr           16%        N/A       61%         5
 Passage of Golubria      Tloc           1%         N/A       91%         4
 Fireball                 Conj/Fire      0%         3d3       99%         5
 Yara's Violent Unravell  Hex/Tmut       0%         3d3       99%         5
 Starburst                Conj/Fire      0%         6d3       100%        6
 Ozocubu's Refrigeration  Ice            0%         4d7       100%        7

Inventory:

Hand Weapons
 c - a +0 club {mace}
   (You took it off a kobold on level 1 of the Dungeon)
 f - a +0 club {mace}
   (You took it off a goblin on level 1 of the Dungeon)
 l - a +0 dagger {short}
   (You found it on level 1 of the Dungeon)
 m - a +0 short sword {short}
   (You took it off a kobold on level 1 of the Dungeon)
 s - a +0 spectral dagger {short}
   (You took it off a goblin on level 3 of the Dungeon)
 w - a +1 long sword of flaming {long}
   (You found it on level 3 of the Dungeon)
 z - a +0 short sword {short}
   (You took it off a kobold on level 3 of the Dungeon)
 B - a +0 sling
   (You found it on level 3 of the Dungeon)
 C - a +0 quarterstaff {staff}
   (You found it on level 3 of the Dungeon)
 D - a +0 dagger {short}
   (You took it off a kobold on level 3 of the Dungeon)
Missiles
 d - 92 stones {throwing}
 n - 5 atropa-tipped darts {throwing}
 W - a boomerang (quivered) {throwing}
Armour
 e - a +0 hat (worn)
   (You found it on level 1 of the Dungeon)
 i - a +0 ring mail
   (You found it on level 1 of the Dungeon)
 k - a +0 ring mail
   (You found it on level 6 of the Dungeon)
 o - a +0 ring mail
   (You found it on level 2 of the Dungeon)
 p - a +0 ring mail
   (You found it on level 2 of the Dungeon)
 r - a +1 cloak (worn)
   (You found it on level 2 of the Dungeon)
 t - a +0 ring mail
   (You found it on level 4 of the Dungeon)
 u - a +0 robe
   (You found it on level 3 of the Dungeon)
 v - a +0 leather armour
   (You found it on level 3 of the Dungeon)
 x - a +0 robe
   (You found it on level 4 of the Dungeon)
 A - a +1 robe of cold resistance (worn)
   (You took it off an orc wizard on level 4 of the Dungeon)
 E - a +0 leather armour
   (You took it off an orc on level 3 of the Dungeon)
 F - a +0 scale mail
   (You took it off an orc on level 3 of the Dungeon)
 G - a +0 robe
   (You took it off an orc wizard on level 3 of the Dungeon)
 H - a +0 leather armour
   (You took it off an orc on level 3 of the Dungeon)
 I - a +0 robe
   (You took it off an orc wizard on level 4 of the Dungeon)
 J - a +0 ring mail
   (You took it off an orc on level 4 of the Dungeon)
 K - a +0 leather armour
   (You took it off an orc on level 4 of the Dungeon)
 M - a +0 ring mail
   (You took it off an orc on level 4 of the Dungeon)
 O - a +0 ring mail
   (You found it on level 4 of the Dungeon)
 P - a +0 robe
   (You took it off an orc wizard on level 4 of the Dungeon)
 Q - a +0 ring mail
   (You took it off an orc on level 4 of the Dungeon)
 R - a +0 chain mail
   (You took it off an orc on level 5 of the Dungeon)
 T - a +0 ring mail
   (You found it on level 5 of the Dungeon)
 V - a +3 leather armour
   (You took it off an orc on level 5 of the Dungeon)
 X - a +0 chain mail
   (You took it off an orc on level 5 of the Dungeon)
Magical Staves
 N - a staff of earth {!astaff}
   (You found it on level 4 of the Dungeon)
Jewellery
 h - a ring of fire
   (You found it on level 4 of the Dungeon)
 L - a ring of see invisible (left hand)
   (You found it on level 4 of the Dungeon)
 Y - a ring of flight (right hand)
   (You found it on level 6 of the Dungeon)
Wands
 q - a wand of digging (5)
   (You found it on level 2 of the Dungeon)
Potions
 a - a potion of flight {unknown}
 g - 2 potions of curing {@q1}
 j - 3 potions of might {unknown}
 y - a potion of degeneration {unknown}
 S - a potion of mutation {!q}
 U - a potion of lignification {unknown}

Dungeon Overview and Level Annotations

Branches:
Dungeon (6/15) Zot: 26480  Temple (0/1) D:5

Altars:
Ashenzari
Dithmenos
Gozag
Nemelex Xobeh
Okawaru
Wu Jian
Xom

Shops:
D:2

[ #............# #.#.........#
#............# #.#<...###..#
#........##########.#....# #..#
#.................#.#....###..#
#........########.#...........###
####............#.#....#####.....
#..#########.#.#....#..)....#.
####..#................#.#####.#.
................@z.>.#.#.# #.#.
...#....###<....#......#.# #.#.
##.#.#†....)...........#.# #.#.
.#.#.......######........#####.#.
....<#.###.# #.#..#.####....#.
##.#...# #.# #.#..#....#.####.
...#.#####.## #.#.##..#^#......
#...........# #.#.##..#.#..####
#.##.###....#####.#.##..#.#..#


You could see a wight.


Message History

Your life force feels restored.
Unknown command.
The wight attacks as you move away! The wight barely misses you.
The wight attacks as you move away!
The wight hits you with a +2 short sword!
You feel drained.
There is a stone staircase leading up here.
Unknown command.
The wight closely misses you.
You fly upwards.
There is a stone staircase leading down here.
Unknown command.
Unknown command.
Unknown command.
You hit the wight. You closely miss the wight.
You bite the wight, but do no damage. The wight closely misses you.
You completely miss the wight. Your bite misses the wight.
The wight hits you with a +2 short sword.
You feel drained.
You hit the wight but do no damage.
The wight hits you with a +2 short sword.
You closely miss the wight.
The wight hits you with a +2 short sword.
You feel drained.
You hit the wight. You hit the wight but do no damage.
You bite the wight, but do no damage.
The wight hits you with a +2 short sword!
You feel drained.
You barely miss the wight.
The wight hits you with a +2 short sword!
* * * LOW HITPOINT WARNING * * *
Unknown command.
The wight attacks as you move away!
The wight hits you with a +2 short sword.
* * * LOW HITPOINT WARNING * * *
The wight attacks as you move away! The wight misses you.
Unknown command.
You closely miss the wight.
The wight hits you with a +2 short sword.
* * * LOW HITPOINT WARNING * * *
You feel drained.
* * * LOW HITPOINT WARNING * * *
You hit the wight. Your bite misses the wight.
The wight hits you with a +2 short sword!
* * * LOW HITPOINT WARNING * * *
You feel drained.
* * * LOW HITPOINT WARNING * * *
Magic courses through your body. The wight barely misses you.
Unknown command.
You hit the wight.
The wight hits you with a +2 short sword.
* * * LOW HITPOINT WARNING * * *
Unknown command.
You barely miss the wight. You bite the wight, but do no damage.
Unknown command.
You barely miss the wight. You bite the wight.
You destroy the wight!
The Council accepts your kill.
Things that are here:
a +2 short sword {short}; a +0 robe
There is a stone staircase leading down here.
You start resting.
You start resting.
Unknown command.
Okay, then.
Unknown command.
Okay, then.
Unknown command.
You fly downwards.
The wight hits you with a +4 battleaxe!
You feel drained.
There is a stone staircase leading up here.
Danger!
The wight hits you with a +4 battleaxe!
* * * LOW HITPOINT WARNING * * *
You feel drained.
* * * LOW HITPOINT WARNING * * *
You fly upwards.
There is a stone staircase leading down here.
Unknown command.
Unknown command.
You hit the wight. Your bite misses the wight. The wight closely misses you.
You barely miss the wight. The wight hits you with a +4 battleaxe!
* * * LOW HITPOINT WARNING * * *
Unknown command.
As you read the scroll labelled MESOED PAGIC, it crumbles to dust.
It is a scroll of brand weapon.
Your +0 dagger {short} acquires a faint afterimage.
s - a +0 spectral dagger {short} The wight hits you with a +4 battleaxe!
* * * LOW HITPOINT WARNING * * *
Unknown command.
You aren't carrying any scrolls.
Unknown command.
You aren't carrying any scrolls.
Unknown command.
It was a potion of curing.
That felt strangely inert.
The wight hits you with a +4 battleaxe!!
Ouch! That really hurt!
You die...

Skill      XL: |  1  2  3  4  5  6  7  8 |
---------------+-------------------------+-----
Unarmed Combat | 1 2 3 5 7 8 |  8.8
Fighting       | 1 2 3 |  3.0
Stealth        | 3 |  3.0
Necromancy     | 5 |  5.0
Dodging        | |  1.5
Spellcasting   | |  2.1

Action                     |  1- 3 |  4- 6 |  7- 9 || total
---------------------------+-------+-------+-------++-------
  Melee: Unarmed           |    14 |    77 |   109 ||   200
         Bite              |     2 |    18 |    34 ||    54
         Punch             |       |     4 |     5 ||     9
  Throw: Boomerang         |       |       |     3 ||     3
   Cast: Necrotise         |    55 |    65 |    36 ||   156
Ability: Lunge             |       |     3 |     8 ||    11
    Use: Scroll            |       |     5 |     4 ||     9
         Potion            |       |       |     2 ||     2
   Stab: Distracted        |       |     1 |       ||     1
         Sleeping          |       |       |     1 ||     1
 Armour: Robe              |     8 |    23 |    18 ||    49
  Dodge: Dodged            |    24 |    45 |    65 ||   134

Levels and vault maps discovered:
D:1:      lightli_arrival_flooded_house, layout_loops_ring,
          chequers_serial_rivers_room_b
D:2:      layout_loops_cross, basic_altar, serial_shops, nicolae_diamond_shop,
          kennysheep_big_empty_room
D:3:      layout_basic, grunt_dithmenos_smoke_and_mirrors,
          nzn_wu_jian_contemplation, grunt_temple_overflow_open,
          serial_corexii_hall, chequers_hall_statues_corner_a,
          chequers_hall_statues_corner_a, uniq_natasha
D:4:      layout_cave_pools
D:5:      layout_basic, minmay_temple_entry_glass
D:6:      layout_rooms, mainiacjoe_overflow_alcove_2

Notes
Turn   | Place    | Note
-------+----------+-------------------------------------------
     0 | D:1      | Sobieck the Vine Stalker Necromancer began the quest for
                  | the Orb.
     0 | D:1      | Reached XP level 1. HP: 9/9 MP: 4/4
     9 | D:1      | You pick up a book of Vapours and begin reading...
     9 | D:1      | You add the spells Poisonous Vapours, Cigotuvi's Dreadful
                  | Rot and Mephitic Cloud to your library.
   226 | D:1      | Reached XP level 2. HP: 14/14 MP: 4/6
   312 | D:1      | Reached skill level 1 in Unarmed Combat
   812 | D:1      | Reached XP level 3. HP: 17/17 MP: 1/7
  1048 | D:2      | Reached skill level 1 in Fighting
  1048 | D:2      | Reached skill level 3 in Stealth
  1231 | D:2      | Reached skill level 2 in Unarmed Combat
  1324 | D:2      | You add the spells Ozocubu's Armour and Ozocubu's
                  | Refrigeration to your library.
  1469 | D:2      | Found an iron altar of Okawaru.
  1713 | D:2      | Found Ozinn's Armour Shop.
  1886 | D:3      | You add the spells Tukima's Dance, Passage of Golubria and
                  | Yara's Violent Unravelling to your library.
  1898 | D:3      | Found a shimmering altar of Xom.
  1901 | D:3      | Gained mutation: Your natural rate of healing is unusually
                  | fast. [Vine Stalker growth]
  1901 | D:3      | Reached XP level 4. HP: 22/22 MP: 5/8
  1926 | D:3      | Found an opulent altar of Gozag.
  1928 | D:3      | Found a sparkling altar of Nemelex Xobeh.
  2128 | D:3      | Found a shadowy altar of Dithmenos.
  2207 | D:3      | Found an ornate altar of the Wu Jian Council.
  2219 | D:3      | Became a worshipper of the Wu Jian Council
  2224 | D:3      | Noticed Natasha
  2234 | D:3      | Killed Natasha
  2301 | D:3      | Reached XP level 5. HP: 26/26 MP: 3/9
  2318 | D:3      | Reached skill level 3 in Unarmed Combat
  3089 | D:4      | Reached skill level 2 in Fighting
  3251 | D:4      | Reached XP level 6. HP: 23/30 MP: 3/10
  3405 | D:4      | You pick up a book of Fire and begin reading...
  3405 | D:4      | You add the spells Foxfire, Fireball and Starburst to your
                  | library.
  3594 | D:5      | Entered Level 5 of the Dungeon
  3594 | D:5      | Noticed a water moccasin
  3644 | D:4      | Reached * piety under Wu Jian
  3645 | D:4      | Reached skill level 4 in Unarmed Combat
  3645 | D:4      | Reached skill level 5 in Necromancy
  3696 | D:5      | Killed a water moccasin
  3697 | D:5      | Reached skill level 3 in Fighting
  3697 | D:5      | Reached skill level 5 in Unarmed Combat
  3697 | D:5      | Reached XP level 7. HP: 34/36 MP: 2/11
  4003 | D:5      | Reached skill level 6 in Unarmed Combat
  4091 | D:5      | Found a staircase to the Ecumenical Temple.
  4370 | D:5      | You pick up a book of Necromancy and begin reading...
  4613 | D:6      | Reached skill level 7 in Unarmed Combat
  4613 | D:6      | Gained mutation: You have razor-sharp teeth. [Vine Stalker
                  | growth]
  4613 | D:6      | Reached XP level 8. HP: 40/40 MP: 12/12
  4669 | D:6      | Found a broken altar of Ashenzari.
  4839 | D:6      | Reached skill level 8 in Unarmed Combat
  5033 | D:5      | HP: 8/32 [wight/+2 short sword (6)]
  5072 | D:5      | HP: 3/30 [wight/+4 battleaxe (10)]
  5073 | D:5      | Demolished by a wight

Vanquished Creatures
  A water moccasin (D:5)
  2 black bears
  An ogre (D:6)
  A bullfrog (D:6)
  3 scorpions
  3 wights
  A howler monkey (D:6)
  A hound (D:6)
  4 jellies
  An orc priest (D:3)
  An iguana (D:5)
  Natasha (D:3)
  4 orc wizards
  4 adders
  2 white imps (D:6)
  An ufetubus (D:6)
  2 dart slugs
  18 orcs
  7 ball pythons
  6 bats
  2 endoplasms
  4 giant cockroaches
  A goblin (D:1)
  4 hobgoblins
  3 quokkas
  2 frilled lizards
  6 kobolds
  5 rats
91 creatures vanquished.

Vanquished Creatures (collateral kills)
  An endoplasm (D:2)
  A ball python (D:2)
  A goblin (D:3)
  A rat (D:2)
4 creatures vanquished.

Grand Total: 95 creatures vanquished

Table legend:
 A = Non-vault XP
 B = Vault XP
 C = Vault XP percentage of total XP
 D = Non-vault monster count
 E = Vault monster count
 F = Vault count percentage of total count
                 A         B        C        D         E       F
            +---------+---------+-------+---------+---------+-------
      Total |    1809 |      35 |   1.9 |      94 |       1 |   1.1
            +---------+---------+-------+---------+---------+-------
        D:1 |      35 |       0 |   0.0 |      19 |       0 |   0.0
        D:2 |      44 |       0 |   0.0 |      13 |       0 |   0.0
        D:3 |     113 |      35 |  23.6 |      18 |       1 |   5.3
        D:4 |     267 |       0 |   0.0 |      15 |       0 |   0.0
        D:5 |     748 |       0 |   0.0 |      16 |       0 |   0.0
        D:6 |     602 |       0 |   0.0 |      13 |       0 |   0.0
            +---------+---------+-------+---------+---------+-------

Illustrated notes

Table legend:
 A = Kills in this place as a percentage of kills in the entire game.
 B = Kills by you in this place as a percentage of kills by you in the entire game.
 C = Kills by friends in this place as a percentage of kills by friends in the entire game.
 D = Other kills in this place as a percentage of other kills in the entire game.
 E = Experience gained in this place as a percentage of experience gained in the entire game.
 F = Experience gained in this place divided by the number of levels of this place that you have seen.
                   A       B       C       D       E      F
               +-------+-------+-------+-------+-------+----------------------
         Total | 100.0 | 100.0 | 100.0 |   N/A | 100.0 | 307.3
       Dungeon | 100.0 | 100.0 | 100.0 |   N/A | 100.0 | 307.3
               +-------+-------+-------+-------+-------+----------------------

Table legend: (Time is in decaauts)
 A = Elapsed time spent in this place.
 B = Non-inter-level travel time spent in this place.
 C = Inter-level travel time spent in this place.
 D = Time resting spent in this place.
 E = Time spent auto-exploring this place.
 F = Levels seen in this place.
 G = Mean time per level.
                   A        B        C        D        E       F      G
               +--------+--------+--------+--------+--------+-----+--------+
         Total |   5060 |   4863 |    197 |    302 |   3746 |   6 |  843.3 |
       Dungeon |   5060 |   4863 |    197 |    302 |   3746 |   6 |  843.3 |
               +--------+--------+--------+--------+--------+-----+--------+

Top non-repeatable levels by time:
     D:1: 1011 daAuts
     D:5: 982 daAuts
     D:3: 978 daAuts
     D:4: 847 daAuts
     D:2: 837 daAuts
     D:6: 403 daAuts
